 Dungeon Crawl Stone Soup version 0.22-a0-409-gb855193 (webtiles) character file.

2 4thArraOfDagon the Firebug (level 1, -3/11 HPs)
             Began as an Octopode Fire Elementalist on May 10, 2018.
             Killed from afar by a dart slug (4 damage)
             ... with a slug dart
             ... on level 3 of the Dungeon.
             The game lasted 00:00:30 (165 turns).

4thArraOfDagon the Firebug (OpFE)                    Turns: 165, Time: 00:00:30

Health: -3/11      AC:  1    Str:  7    XL:     1   Next: 40%
Magic:  3/3        EV: 13    Int: 17    God:
Gold:   25         SH:  0    Dex: 12    Spells: 3/4 levels left

rFire    . . .     SeeInvis .   (no weapon)
rCold    . . .     Gourm    .   (no shield)
rNeg     . . .     Faith    .   (helmet restricted)
rPois    .         Spirit   .   (no amulet)
rElec    .         Reflect  .   (no ring)
rCorr    .         Harm     .   (no ring)
MR       .....                  (no ring)
Stlth    +++.......             (no ring)
HPRegen  0.03/turn              (no ring)
MPRegen  0.08/turn              (no ring)
                                (no ring)
                                (no ring)

@: no status effects
A: almost no armour, stealthy swim, amphibious, 8 rings, constrict 8, camouflage
1, gelatinous body 1
a: no special abilities


You were on level 3 of the Dungeon.
You were not hungry.

You visited 1 branch of the dungeon, and saw 3 of its levels.

You collected 25 gold pieces.

Inventory:

Scrolls
 a - a scroll of immolation
Comestibles
 b - a ration


   Skills:
 - Level 2.0 Dodging
 - Level 2.6 Stealth
 + Level 2.0 Spellcasting
 * Level 1.1 Conjurations
 * Level 3.0 Fire Magic


You had 3 spell levels left.
You knew the following spells:

 Your Spells              Type           Power        Failure   Level  Hunger
a - Flame Tongue          Conj/Fire      #....        9%          1    #......


Dungeon Overview and Level Annotations

Branches:
Dungeon (3/15)

Altars:


Innate Abilities, Weirdness & Mutations

You cannot wear most types of armour.
You are very stealthy in the water. (Stealth+)
You are amphibious.
You can wear up to eight rings at the same time.
You can use your tentacles to constrict eight enemies at once.
Your skin changes colour to match your surroundings (Stealth+).
Your rubbery body absorbs attacks. (AC +1, EV +1)


Message History

The slug dart hits you!
* * * LOW HITPOINT WARNING * * *
Found a scroll labeled ZUMYNU ZIEWA.
Found a green potion.
Found a stone staircase leading up.
Unknown command.
Unknown command.
A dart slug comes into view.
You found a teleport trap!
The dart slug launches a dart at you. The slug dart misses you.
Found 20 stones.
Unknown command.
Found 16 gold pieces.
Unknown command.
A hobgoblin comes into view.
Found a smoky green potion.
There is a stone staircase leading down here.
The dart slug launches a dart at you. The slug dart hits you!
You die...

##.##. ###≈≈≈≈≈≈ ≈≈# .≈
#.....##...≈≈≈≈≈# ≈≈≈≈≈≈
...........w≈≈≈≈≈≈≈≈≈≈#≈
.$..!...<...≈≈≈≈≈≈≈≈≈≈≈≈
......?......≈≈≈≈≈≈≈≈≈≈≈
...............≈≈#≈≈≈≈..
g.(............#≈≈w≈≈...
.......@....w..##.......
!..........^...##...#..w
..............w...###...
#.....##............#...
###### ###...w..........
#........###...
#........# #...
#....%...# #...
#........# #...


You could see 4 dart slugs and a hobgoblin (sleeping).

Vanquished Creatures
  A goblin (D:2)
  A frilled lizard (D:1)
  A rat (D:1)
3 creatures vanquished.

Notes
Turn   | Place    | Note
-------+----------+-------------------------------------------
     0 | D:1      | 4thArraOfDagon the Octopode Fire Elementalist began the quest for the Orb.
     0 | D:1      | Reached XP level 1. HP: 11/11 MP: 3/3
   165 | D:3      | Killed from afar by a dart slug

Vault maps used:
D:1:      lightli_arrival_noodles
D:2:      first_ration
D:3:      kennysheep_slugbush, nicolae_overflow_hidden_temple

Action                   || total
-------------------------++-------
Melee: Unarmed           ||     2
 Cast: Flame Tongue      ||     4
  Use: Scroll            ||     1
Dodge: Dodged            ||     4

Table legend:
 A = Spawn XP
 B = Non-spawn XP
 C = Spawn XP percentage of total XP
 D = Spawn monster count
 E = Non-spawn monster count
 F = Spawn count percentage of total count
 G = Total turns spent on level
                    A         B        C        D         E        F      G
               +---------+---------+-------+---------+---------+-------+---------
         Total |       0 |       4 |   0.0 |       0 |       3 |   0.0 |   165
               +---------+---------+-------+---------+---------+-------+---------
           D:1 |       0 |       2 |   0.0 |       0 |       2 |   0.0 |   116
           D:2 |       0 |       2 |   0.0 |       0 |       1 |   0.0 |    24
               +---------+---------+-------+---------+---------+-------+---------
